 Dungeon Crawl Stone Soup version 0.20-a0-622-g01f5896 (webtiles) character file.

1360 rgaf the Grappler (level 8, 0/59 HPs)
             Began as a Purple Draconian Transmuter on Feb 9, 2017.
             Was a Priest of Cheibriados.
             Slain by a two-headed ogre
             ... wielding a +0 giant club
              (11 damage)
             ... on level 6 of the Dungeon.
             The game lasted 00:08:39 (7848 turns).

rgaf the Grappler (Purple Draconian Transmuter)     Turns: 7848, Time: 00:08:40

Health: 0/59       AC:  7    Str: 18    XL:     8   Next: 37%
Magic:  10/11      EV: 12    Int: 23    God:    Cheibriados [***...]
Gold:   330        SH:  2    Dex: 18    Spells: 7/11 levels left

rFire    . . .     SeeInvis .     - Unarmed
rCold    . . .     Gourm    .   (armour unavailable)
rNeg     . . .     Faith    .   (no shield)
rPois    +         Spirit   .   p - +1 hat
rElec    .         Reflect  +   (no cloak)
rCorr    .         Harm     .   (no gloves)
MR       +....                  (no boots)
Stlth    ++........             h - +2 amulet of reflection
Regen    0.2/turn               m - ring of poison resistance
                                n - -2 ring of strength

@: appendage, very slow
A: breathe power, unfitting armour, horns 2, cold-blooded, AC +6
a: Breathe Dispelling Energy, End Transformation, Bend Time, Temporal
Distortion, Renounce Religion


You were on level 6 of the Dungeon.
You worshipped Cheibriados.
Cheibriados was most pleased with you.
You were not hungry.
You had grown temporary horns.
You visited 2 branches of the dungeon, and saw 7 of its levels.
You also visited: Sewer.

You collected 330 gold pieces.

Inventory:

Missiles
 a - 79 arrows
Armour
 d - a +0 buckler
 p - a +1 hat (worn)
Jewellery
 h - a +2 amulet of reflection (around neck)
 k - an uncursed amulet of rage {unknown}
 m - a ring of poison resistance (right hand)
 n - a -2 ring of strength (left hand)
 o - an uncursed ring of protection from magic {unknown}
Scrolls
 g - 6 scrolls of identify
 r - a scroll of teleportation
 t - a scroll of remove curse
Potions
 e - 3 potions of mutation
 i - a potion of cancellation
 s - a potion of haste {unknown}
 v - a potion of heal wounds {unknown}
 w - 2 potions of flight {unknown}
 x - a potion of curing
Books
 b - a book of Changes

   Spells                             Type                      Level
   a - Beastly Appendage              Transmutation                1
   b - Sticks to Snakes               Transmutation                2
   c - Spider Form                    Transmutation/Poison         3
   d - Ice Form                       Ice/Transmutation            4
   e - Blade Hands                    Transmutation                5
 q - a book of Conjurations

   Spells                             Type                      Level
   a - Magic Dart                     Conjuration                  1
   b - Searing Ray                    Conjuration                  2
   c - Dazzling Spray                 Conjuration/Hexes            3
   d - Fulminant Prism                Conjuration/Hexes            4
   e - Force Lance                    Conjuration/Translocation    4
   f - Iskenderun's Mystic Blast      Conjuration                  4
Comestibles
 c - 3 bread rations
 f - 4 royal jellies
 j - 7 fruits
 l - 2 meat rations
 u - 3 chunks of flesh


   Skills:
 - Level 1.1 Fighting
 - Level 1.7 Dodging
 * Level 9.0 Unarmed Combat
 - Level 2.4 Spellcasting
 + Level 6.2 Transmutations


You had 7 spell levels left.
You knew the following spells:

 Your Spells              Type           Power        Failure   Level  Hunger
a - Beastly Appendage     Tmut           ####..       1%          1    None
b - Spider Form           Tmut/Pois      ###.......   12%         3    ###....


Dungeon Overview and Level Annotations

Branches:
Dungeon (6/15)             Temple (1/1) D:4

Altars:
Ashenzari
Cheibriados
Dithmenos
Elyvilon
Fedhas
Gozag
Hepliaklqana
Kikubaaqudgha
Makhleb
Nemelex Xobeh
Okawaru
Qazlal
Ru
Sif Muna
Trog
Uskayaw
Vehumet
Xom
Yredelemnul
Zin

Shops:
D:5 (


Innate Abilities, Weirdness & Mutations

You can breathe bolts of dispelling energy.
Your rich purple scales are hard. (AC +6)
You cannot fit into any form of body armour.
You are cold-blooded and may be slowed by cold attacks.
You have a pair of horns on your head.


Message History

You barely miss the two-headed ogre.
The two-headed ogre is lightly wounded.
The two-headed ogre hits you with a giant club!!
You block the two-headed ogre's attack.
You punch the two-headed ogre!
Your headbutt misses the two-headed ogre.
The two-headed ogre is moderately wounded.
You have got your breath back.
The two-headed ogre hits you with a giant club!
The two-headed ogre closely misses you.
You hit the two-headed ogre.
You headbutt the two-headed ogre, but do no damage.
Your tail-slap misses the two-headed ogre.
The two-headed ogre is moderately wounded.
You punch the two-headed ogre! You headbutt the two-headed ogre!
The two-headed ogre is severely wounded.
The two-headed ogre hits you with a giant club!!
* * * LOW HITPOINT WARNING * * *
The two-headed ogre hits you with a giant club!
You die...

#≈≈≈≈≈≈..# ##.##
##### #######..#
#..#####...#
≈≈≈≈≈≈≈.≈#
##.#.......##
.≈..≈...##
#..........#
#########
#..........# #
##<.........#
#..........##
##.O.......## ###
#..@......## ##.## ##
#........## ##...##
.### ##........##
##.....# ...###
#.......#..###.......
.....##
#..[...##...#>.......
......#
#....####.#..........
......# #...##
##.#..........
......# #.###
#..#..........
......# ###
#.............


You could see a two-headed ogre.

Vanquished Creatures
  The ghost of varamyr the Chiller, an amateur DEIE (D:4)
  An ice beast (D:6)
  A phantom (D:4)
  A big kobold (Sewer)
  2 elf skeletons (D:4)
  A scorpion (D:4)
  2 crimson imps
  4 orc priests
  4 hounds
  2 human zombies (D:4)
  2 bullfrog skeletons
  An iguana (D:6)
  Natasha (twice) (D:4)
  2 worker ants
  An orc wizard (D:3)
  10 adders
  2 shadow imps (D:5)
  2 oozes
  An adder zombie (D:5)
  4 worms
  2 dart slugs
  6 leopard geckos
  17 orcs
  A ball python (D:3)
  8 giant cockroaches
  7 goblins
  11 hobgoblins
  11 jackals
  14 kobolds
  2 quokkas
  6 bats
  3 frilled lizards
  A leopard gecko skeleton (D:5)
  An orc skeleton (D:4)
  An orc zombie (D:4)
  A quokka skeleton (D:5)
  11 rats
  A spectral orc (D:2)
150 creatures vanquished.

Notes
Turn   | Place    | Note
-------+----------+-------------------------------------------
     0 | D:1      | rgaf the Draconian Transmuter began the quest for the Orb.
     0 | D:1      | Reached XP level 1. HP: 16/16 MP: 3/3
   144 | D:1      | Reached XP level 2. HP: 20/23 MP: 5/5
   874 | D:1      | Reached XP level 3. HP: 28/28 MP: 6/6
  1001 | D:1      | Reached skill level 4 in Unarmed Combat
  1134 | D:2      | Learned a level 3 spell: Spider Form
  1253 | D:2      | Found a burning altar of Makhleb.
  1260 | D:2      | Reached XP level 4. HP: 26/35 MP: 5/7
  1337 | D:2      | Found a basalt altar of Yredelemnul.
  2218 | D:3      | Found a faded altar of an unknown god.
  2629 | D:3      | Reached XP level 5. HP: 40/40 MP: 8/8
  2758 | D:3      | Reached skill level 5 in Unarmed Combat
  3216 | D:3      | Found an iron altar of Okawaru.
  3498 | D:4      | Found a staircase to the Ecumenical Temple.
  3525 | Temple   | Entered the Ecumenical Temple
  3717 | Temple   | Became a worshipper of Cheibriados the Contemplative
  3784 | D:4      | Reached XP level 6. HP: 46/47 MP: 9/9
  3982 | D:4      | Reached skill level 6 in Unarmed Combat
  4558 | D:4      | Noticed varamyr's ghost (amateur DEIE)
  4573 | D:4      | Noticed an ice beast
  4573 | D:4      | Noticed an ice beast
  4574 | D:4      | Noticed Natasha
  4582 | D:4      | Killed Natasha
  4644 | D:4      | Your scales start taking on a rich purple colour.
  4644 | D:4      | Reached XP level 7. HP: 43/52 MP: 10/10
  5036 | D:4      | Reached skill level 7 in Unarmed Combat
  5061 | D:4      | Killed varamyr's ghost
  5061 | D:4      | Reached * piety under Cheibriados
  5061 | D:4      | Reached skill level 5 in Transmutations
  5552 | D:4      | Noticed Natasha
  5559 | D:4      | Killed Natasha
  5577 | D:5      | Entered Level 5 of the Dungeon
  5589 | D:5      | Found Doxtem's Weapon Shoppe.
  5921 | D:5      | Reached skill level 8 in Unarmed Combat
  6368 | D:5      | Reached XP level 8. HP: 51/59 MP: 11/11
  6374 | D:5      | Reached ** piety under Cheibriados
  6693 | D:5      | Found a hide-covered altar of Uskayaw.
  6696 | D:5      | Found an ancient bone altar of Kikubaaqudgha.
  6697 | D:5      | Found a shimmering altar of Xom.
  6698 | D:5      | Found a white marble altar of Elyvilon.
  6698 | D:5      | Found a stormy altar of Qazlal.
  6700 | D:5      | Found a sacrificial altar of Ru.
  7206 | D:6      | Found a glowing drain.
  7220 | Sewer    | Entered a sewer
  7317 | Sewer    | Reached *** piety under Cheibriados
  7333 | Sewer    | Found a white marble altar of Elyvilon.
  7788 | D:6      | Reached skill level 9 in Unarmed Combat
  7836 | D:6      | Noticed a two-headed ogre
  7848 | D:6      | Slain by a two-headed ogre

Vault maps used:
D:1:      dpeg_arrival_lava_altar, minmay_splitting_lines, minivault_19,
          minmay_misc_feat_roman
D:2:      yredelemnul_forgotten_temple_becter, makhleb_blood_cavern_becter
D:3:      chequers_ecumenical_altar_twisty, minivault_26,
          kennysheep_okawaru_gauntlet
D:4:      minmay_temple_entry_trees, nicolae_ossuary_entry_catacombs,
          first_bread, uniq_natasha
D:5:      minitemple, serial_shops, shop_fountains, lemuel_flamethrower_2
D:6:      lemuel_doored_altar, gup_sewer_entry_pipe
Temple:   nicolae_temple_figure_eight
Sewer:    sewer_kobolds

Skill      XL: |  1  2  3  4  5  6  7  8 |
---------------+-------------------------+-----
Unarmed Combat | 4 5 6 8 9 |  9.0
Transmutations | 3 4 5 6 |  6.2
Fighting       | |  1.1
Dodging        | |  1.7
Spellcasting   | |  2.4

Action                   |  1- 3 |  4- 6 |  7- 9 || total
-------------------------+-------+-------+-------++-------
Melee: Unarmed           |   157 |   332 |   293 ||   782
       Tailslap          |    10 |    43 |    32 ||    85
       Punch             |     2 |     7 |     9 ||    18
       Kick              |       |     4 |     4 ||     8
       Headbutt          |       |       |     4 ||     4
 Cast: Beastly Appendage |     1 |     5 |     4 ||    10
 Abil: Breathe Dispellin |       |       |     6 ||     6
  Use: Scroll            |     3 |     4 |       ||     7
       Potion            |       |     2 |     2 ||     4
 Stab: Sleeping          |     1 |     3 |     2 ||     6
       Distracted        |       |       |     1 ||     1
  Eat: Chunk             |     1 |    12 |     7 ||    20
Armor: Skin              |    39 |    58 |    76 ||   173
Dodge: Dodged            |    96 |   130 |   163 ||   389
Block: Other             |    10 |    23 |    15 ||    48
       Reflection        |       |       |     1 ||     1
